 Dungeon Crawl Stone Soup version 0.21.1-1-g345015f (webtiles) character file.

639 ninurtach the Basher (level 7, 0/59 HPs)
             Began as a Minotaur Berserker on May 25, 2018.
             Was a Believer of Trog.
             Slain by an ogre
             ... wielding a +0 giant club
              (14 damage)
             ... on level 4 of the Dungeon.
             The game lasted 00:07:50 (3678 turns).

ninurtach the Basher (Minotaur Berserker)           Turns: 3678, Time: 00:07:50

Health: 0/59       AC: 11    Str: 27    XL:     7   Next: 26%
Magic:  6/6        EV: 12    Int:  4    God:    Trog [**....]
Gold:   233        SH:  0    Dex: 11    Spells: 6/6 levels left

rFire    . . .     SeeInvis .   g - +1 mace (protect)
rCold    + . .     Gourm    .   (no shield)
rNeg     . . .     Faith    .   x - +0 leather armour {rPois}
rPois    +         Spirit   .   (helmet restricted)
rElec    .         Reflect  .   (no cloak)
rCorr    .         Harm     .   w - +0 pair of gloves
MR       ++...                  (no boots)
Stlth    +.........             i - amulet of magic regeneration
HPRegen  1.19/turn              t - ring of ice
MPRegen  0.35/turn              p - ring of protection from fire

@: mighty, protection aura, starving, regenerating
A: retaliatory headbutt, horns 2
a: Berserk, Trog's Hand, Burn Spellbooks, Renounce Religion


You were on level 4 of the Dungeon.
You worshipped Trog.
Trog was pleased with you.
You were starving.

You visited 1 branch of the dungeon, and saw 4 of its levels.

You collected 233 gold pieces.

Inventory:

Hand Weapons
 g - a +1 mace of protection (weapon)
Missiles
 k - 2 poisoned javelins (quivered)
Armour
 w - a +0 pair of gloves (worn)
 x - a +0 leather armour of poison resistance (worn)
Jewellery
 d - a +6 amulet of reflection {unknown}
 i - an amulet of magic regeneration (around neck)
 m - a +4 amulet of reflection {unknown}
 n - an uncursed amulet of the gourmand {unknown}
 p - a ring of protection from fire (right hand)
 t - a ring of ice (left hand)
Wands
 l - a wand of flame (16)
 y - a wand of enslavement (14)
 B - a wand of iceblast (9)
Scrolls
 b - 4 scrolls of identify {unknown}
 e - 2 scrolls of fear {unknown}
 f - 3 scrolls of remove curse {unknown}
 j - a scroll of random uselessness {unknown}
 q - 3 scrolls of enchant weapon {unknown}
 A - a scroll of blinking {unknown}
Potions
 a - 2 potions of heal wounds {unknown}
 h - a potion of invisibility {unknown}
 o - a potion of haste {unknown}
 r - a potion of cancellation {unknown}
 s - 2 potions of agility {unknown}
 u - 2 potions of brilliance {unknown}
 v - 2 potions of curing
 z - 2 potions of flight {unknown}
 C - 2 potions of might
 D - a potion of degeneration {unknown}
Comestibles
 c - 2 rations


   Skills:
 + Level 4.0 Fighting
 - Level 10.0 Maces & Flails
 - Level 2.4 Armour
 - Level 2.1 Dodging


You had 6 spell levels left.
You didn't know any spells.

Dungeon Overview and Level Annotations

Branches:
Dungeon (4/15)             Temple (0/1) D:4

Altars:
Fedhas
Xom
Yredelemnul

Annotations:
D:3 exclusion: oklob plant


Innate Abilities, Weirdness & Mutations

You reflexively headbutt those who attack you in melee.
You have a pair of horns on your head.


Message History

You closely miss the orc. The orc barely misses you.
You sock the orc!
You kill the orc!
Trog accepts your kill.
Warning x2: The ogre can hit for high damage in melee!
The orc priest can smite you!
The orc priest calls down the wrath of Beogh upon you.
Beogh smites you!
You take 12 damage, and have 19/59 hp.
MASSIVE DAMAGE!!
You hit the ogre. You headbutt the ogre! The ogre hits you with a giant club!
* * * LOW HITPOINT WARNING * * *
You take 16 damage, and have 3/59 hp.
MASSIVE DAMAGE!!
Warning x2: The ogre can hit for high damage in melee!
The orc priest can smite you!
It was a potion of might.
You feel very mighty all of a sudden. The ogre barely misses you.
You feel better.
You feel the effects of Trog's Hand fading.
You are starving!
The ogre hits you with a giant club!
You die...

##### #...# #...#
#...#
#####...#####.###
#..o'..o.O.......
#.#O#...##.......
#.#@##### .......
#.#.# ..........
#.#.................
#.########..........
#.# ...o.O.... #.#
.....o.... #.#
.......... #.#
........o. ##.###
......o<..


You could see an ogre and an orc priest.

Vanquished Creatures
  Grinder (D:3)
  Sigmund (D:3)
  A scorpion (D:4)
  An orc wizard (D:4)
  Jessica (D:3)
  Ijyb (D:3)
  An iguana (D:4)
  4 adders
  An ooze (D:1)
  4 worms
  2 dart slugs (D:3)
  2 leopard geckos
  2 orcs (D:4)
  A ball python (D:2)
  6 bats
  A giant cockroach (D:2)
  8 goblins
  8 hobgoblins
  2 jackals (D:2)
  11 kobolds
  2 quokkas
  4 frilled lizards
  12 rats
77 creatures vanquished.

Notes
Turn   | Place    | Note
-------+----------+-------------------------------------------
     0 | D:1      | ninurtach the Minotaur Berserker began the quest for the Orb.
     0 | D:1      | Reached XP level 1. HP: 19/19 MP: 0/0
    82 | D:1      | Reached skill level 4 in Maces & Flails
   125 | D:1      | Reached XP level 2. HP: 22/26 MP: 1/1
   915 | D:1      | Reached skill level 5 in Maces & Flails
  1073 | D:2      | Reached XP level 3. HP: 29/31 MP: 2/2
  1098 | D:2      | Reached ** piety under Trog
  1630 | D:2      | Reached skill level 6 in Maces & Flails
  1630 | D:2      | Reached XP level 4. HP: 24/39 MP: 3/3
  1852 | D:2      | Found a basalt altar of Yredelemnul.
  2178 | D:3      | Noticed Grinder
  2188 | D:3      | Noticed Sigmund
  2190 | D:3      | Killed Grinder
  2190 | D:3      | Reached skill level 8 in Maces & Flails
  2190 | D:3      | Reached XP level 5. HP: 38/45 MP: 4/4
  2190 | D:3      | Reached XP level 6. HP: 43/51 MP: 5/5
  2193 | D:3      | Killed Sigmund
  2193 | D:3      | Reached skill level 9 in Maces & Flails
  2443 | D:3      | Noticed Ijyb
  2468 | D:3      | Killed Ijyb
  2635 | D:3      | Found a shimmering altar of Xom.
  3139 | D:3      | Noticed Jessica
  3144 | D:3      | Killed Jessica
  3144 | D:3      | Reached XP level 7. HP: 57/57 MP: 6/6
  3227 | D:3      | Found a blossoming altar of Fedhas.
  3241 | D:3      | Noticed an oklob plant
  3555 | D:4      | Reached skill level 10 in Maces & Flails
  3579 | D:4      | Found a staircase to the Ecumenical Temple.
  3678 | D:4      | Slain by an ogre

Skill      XL: |  1  2  3  4  5  6  7 |
---------------+----------------------+-----
Maces & Flails | 4 5 6 8 9 10 | 10.0
Fighting       | 4 |  4.0
Armour         | |  2.4
Dodging        | |  2.1

Action                   |  1- 3 |  4- 6 |  7- 9 || total
-------------------------+-------+-------+-------++-------
Melee: Hand axe          |    15 |       |       ||    15
       Headbutt          |    14 |     8 |     9 ||    31
       Mace              |    52 |    60 |    28 ||   140
Invok: Berserk           |     1 |     2 |       ||     3
       Trog's Hand       |     1 |     1 |     1 ||     3
  Use: Potion            |       |       |     3 ||     3
 Stab: Sleeping          |     1 |       |       ||     1
  Eat: Chunk             |     3 |     4 |       ||     7
       Ration            |       |     1 |       ||     1
Armor: Animal skin       |     8 |       |       ||     8
       Ring mail         |    20 |     3 |       ||    23
       Leather armour    |       |    12 |    12 ||    24
Dodge: Dodged            |    41 |    32 |    13 ||    86
